 Dungeon Crawl Stone Soup version 0.32-a0-814-g0968bab981 (webtiles) character file.

Game seed: 17680775744723264340

898 cforsyth the Firebug (level 7, 0/61 HPs)
             Began as a Mountain Dwarf Cinder Acolyte on Mar 22, 2024.
             Was a High Priest of Ignis.
             Slain by an ogre
             ... wielding a +0 giant club
              (15 damage)
             ... on level 5 of the Dungeon.
             The game lasted 00:09:16 (5522 turns).

cforsyth the Firebug (MDCA)                         Turns: 5522, Time: 00:09:17

Health: 0/61       AC: 10    Str: 19    XL:     7   Next: 79%
Magic:  4/11       EV:  7    Int: 14    God:    Ignis [*****.]
Gold:   303        SH:  0    Dex:  5    Spells: 10/12 levels left

rFire   + . .        a - +0 hand axe (flame)
rCold   . . .        (no shield)
rNeg    . . .        h - +1 chain mail
rPois   .            (no helmet)
rElec   .            (no cloak)
rCorr   +            (no gloves)
SInv    .            (no boots)
Will    .....        k - amulet of regeneration Stlth
                     R - ring of resist corrosion
HPRegen 1.10/turn    (no ring)
MPRegen 0.12/turn

%: no passive effects
@: brilliant, attractive
A: runic magic, artefact enchanting
a: Renounce Religion, Fiery Armour, Foxfire Swarm, Rising Flame


You were on level 5 of the Dungeon.
You worshipped Ignis.
Ignis was extremely pleased with you.
You visited 1 branch of the dungeon, and saw 5 of its levels.
You also visited: Sewer and Ossuary.

You collected 303 gold pieces.


Innate Abilities, Weirdness & Mutations

Your spellcasting is much less encumbered by armour.
You can use scrolls of enchantment on lesser artefacts.


   Skills:
 + Level 5.4 Fighting
 + Level 5.9 Axes
 + Level 4.1 Armour
 + Level 3.3 Spellcasting
 + Level 6.0 Fire Magic


You had 10 spell levels left.
You knew the following spells:

 Your Spells              Type           Power      Damage    Failure   Level
X - Scorch                Fire           56%        2d7       4%          2

Your spell library contained the following spells:

 Spells                   Type           Power      Damage    Failure   Level
 Ensorcelled Hibernation  Hex/Ice        6%         N/A       47%         2
 Lesser Beckoning         Tloc           6%         N/A       47%         2
 Gell's Gravitas          Tloc           3%         N/A       71%         3
 Passwall                 Erth           3%         N/A       71%         3
 Swiftness                Air            3%         N/A       71%         3
 Teleport Other           Tloc           3%         N/A       71%         3

Inventory:

Hand Weapons
 a - a +0 hand axe of flaming (weapon)
Armour
 b - a +0 robe
 h - a +1 chain mail (worn)
Jewellery
 k - an amulet of regeneration (around neck)
 R - a ring of resist corrosion (left hand)
Scrolls
 c - 6 scrolls of identify {@r1}
 d - a scroll of poison
 j - a scroll of enchant weapon
 q - a scroll of brand weapon
Potions
 e - 2 potions of mutation {unknown}
 f - 4 potions of brilliance
 g - 2 potions of attraction
 i - 2 potions of curing {@q1}
 l - 2 potions of invisibility {unknown}
 m - a potion of berserk rage {unknown}
 n - a potion of ambrosia {unknown}
 o - a potion of haste {unknown}
 p - a potion of cancellation {unknown}
 r - 4 potions of heal wounds {unknown}

Dungeon Overview and Level Annotations

Branches:
Dungeon (5/15)              Sewer (visited)         Ossuary (visited)
 Temple: D:4-7

Altars:

#... # #5.
#. ... ..
#.#
#.#.##.#
#......###
##.....WW#
#..####O#
#. #@# #
#.# ...
...#.
.#.##.#
.... . #.
#. ## # ..


You could see an ogre and 2 phantoms.


Message History

The phantom is moderately damaged.
You hear a shout!
The phantom hits you.
The phantom blinks!
You blink.
You stop ascending the stairs.
A phantom and 2 ufetubi come into view.
Flames lash the ogre.
The ogre is lightly wounded.
The ogre's fire resistance burns away.
The phantom hits you but does no damage.
The phantom hits you but does no damage.
There is a stone staircase leading up here.
Flames lash the phantom.
The phantom is burned terribly!
The phantom is heavily damaged.
The ogre is no longer more vulnerable to fire.
The ogre hits you with a +0 giant club!!
You hit the ogre. You burn the ogre.
The ogre is moderately wounded.
You aren't carrying any items that you can evoke.
Unknown command.
Okay, then.
Okay, then.
It was a potion of brilliance.
You feel clever all of a sudden.
The ogre hits you with a +0 giant club!!
* * * LOW HITPOINT WARNING * * *
It was a potion of attraction.
You feel attractive to monsters. The ogre hits you with a +0 giant club!
You die...
Ignis goes out, and joins you in death.

Skill      XL: |  1  2  3  4  5  6  7 |
---------------+----------------------+-----
Armour         | 1 2 3 4 |  4.1
Axes           | 4 5 |  5.9
Fire Magic     | 4 5 6 |  6.0
Fighting       | 4 5 |  5.4
Spellcasting   | 2 3 |  3.3

Action                     |  1- 3 |  4- 6 |  7- 9 || total
---------------------------+-------+-------+-------++-------
  Melee: Hand axe          |   127 |    77 |   116 ||   320
   Cast: Scorch            |     9 |    48 |    25 ||    82
    Use: Scroll            |       |     8 |     2 ||    10
         Potion            |       |       |     3 ||     3
 Armour: Robe              |    66 |       |       ||    66
         Chain mail        |    32 |    89 |   134 ||   255
         Scale mail        |    17 |       |       ||    17
  Dodge: Dodged            |    85 |    24 |    56 ||   165

Levels and vault maps discovered:
D:1:      dpeg_arrival_subterranean_lakeside_camping, layout_rooms,
          shapermc_ecumenical_altar_mp_highgroup, grunt_decor_mini_mirrors
D:2:      cheibrodos_helix_gallery, layout_basic, minmay_vboxes
D:3:      layout_basic, dreamdust_wishing_well, kennysheep_generic_room_8,
          uniq_natasha
D:4:      layout_loops_cross, portal_sewer_entry_d,
          nicolae_ossuary_entry_false_entrances
D:5:      layout_loops_cross, serial_undead, serial_undead_a, serial_undead_e,
          serial_undead_f, serial_undead_e, uniq_duvessa, uniq_grinder,
          uniq_ijyb

Notes
Turn   | Place    | Note
-------+----------+-------------------------------------------
     0 | D:1      | cforsyth the Mountain Dwarf Cinder Acolyte began the quest
                  | for the Orb.
     0 | D:1      | Reached XP level 1. HP: 19/19 MP: 2/2
   151 | D:1      | Reached XP level 2. HP: 26/26 MP: 3/3
   260 | D:1      | Reached skill level 1 in Armour
   441 | D:1      | Reached XP level 3. HP: 27/31 MP: 5/5
   487 | D:1      | Reached skill level 4 in Axes
   487 | D:1      | Reached skill level 4 in Fire Magic
   650 | D:1      | Found a faded altar of an unknown god.
   838 | D:2      | Learned a level 2 spell: Scorch
  1280 | D:2      | Reached XP level 4. HP: 40/40 MP: 3/6
  1924 | D:2      | Reached skill level 4 in Fighting
  1924 | D:2      | Reached skill level 2 in Armour
  1924 | D:2      | Reached skill level 2 in Spellcasting
  1924 | D:2      | Reached XP level 5. HP: 22/46 MP: 2/8
  2731 | D:3      | Noticed Natasha
  2735 | D:3      | Killed Natasha
  3077 | D:3      | Noticed Natasha
  3092 | D:3      | Killed Natasha
  3393 | D:3      | Noticed Natasha
  3395 | D:3      | Killed Natasha
  3396 | D:3      | Reached XP level 6. HP: 53/53 MP: 4/9
  4285 | D:4      | Reached skill level 5 in Fire Magic
  4296 | D:4      | Reached skill level 5 in Axes
  4300 | D:4      | Found a sand-covered staircase.
  4326 | Ossuary  | Entered an ossuary
  4338 | Ossuary  | Reached skill level 3 in Armour
  4424 | Ossuary  | Reached XP level 7. HP: 41/60 MP: 11/11
  4450 | Ossuary  | Reached skill level 5 in Fighting
  4458 | Ossuary  | Reached skill level 3 in Spellcasting
  4490 | Ossuary  | HP: 3/61 [mummy (15)]
  4717 | D:4      | Found a glowing drain.
  4735 | Sewer    | Entered a sewer
  4769 | Sewer    | Reached skill level 4 in Armour
  5224 | D:4      | Identified the +1 short sword of the Shore {freeze, rPois
                  | MP+9 Dex+3}
  5364 | D:4      | Reached skill level 6 in Fire Magic
  5504 | D:5      | Entered Level 5 of the Dungeon
  5522 | D:5      | Slain by an ogre

Vanquished Creatures
  A weeping skull (Ossuary)
  A scorpion (D:4)
  4 water moccasin zombies (Ossuary)
  2 orc priests
  A bombardier beetle (D:4)
  Natasha (thrice) (D:3)
  2 orc wizards
  A hell rat (Sewer)
  2 crocodile zombies (Ossuary)
  2 mummies (Ossuary)
  3 gnolls (D:4)
  6 adders
  3 river rats (Sewer)
  4 adder zombies (Ossuary)
  3 dart slugs
  3 ribbon worms
  10 orcs
  6 ball pythons
  6 endoplasms
  6 giant cockroaches
  10 goblins
  6 hobgoblins
  2 kobolds
  6 quokkas
  11 bats
  8 frilled lizards
  5 gnoll zombies (Ossuary)
  4 jackal zombies (Ossuary)
  2 orc zombies (Ossuary)
  10 rats
133 creatures vanquished.

Table legend: (Time is in decaauts)
 A = Elapsed time spent in this place.
 B = Non-inter-level travel time spent in this place.
 C = Inter-level travel time spent in this place.
 D = Time resting spent in this place.
 E = Time spent auto-exploring this place.
 F = Levels seen in this place.
 G = Mean time per level.
                   A        B        C        D        E       F      G
               +--------+--------+--------+--------+--------+-----+--------+
         Total |   5565 |   5492 |     73 |    146 |   4141 |   7 |  795.0 |
       Dungeon |   5148 |   5075 |     73 |    146 |   3995 |   5 | 1029.6 |
         Sewer |    209 |    209 |      0 |      0 |    146 |   1 |  209.0 |
       Ossuary |    207 |    207 |      0 |      0 |      0 |   1 |  207.0 |
               +--------+--------+--------+--------+--------+-----+--------+

Top non-repeatable levels by time:
     D:3: 2265 daAuts
     D:2: 1140 daAuts
     D:1: 871 daAuts
     D:4: 853 daAuts
   Sewer: 209 daAuts
 Ossuary: 207 daAuts
     D:5: 17 daAuts

Table legend:
 A = Non-vault XP
 B = Vault XP
 C = Vault XP percentage of total XP
 D = Non-vault monster count
 E = Vault monster count
 F = Vault count percentage of total count
                 A         B        C        D         E       F
            +---------+---------+-------+---------+---------+-------
      Total |     589 |     695 |  54.1 |      81 |      52 |  39.1
            +---------+---------+-------+---------+---------+-------
        D:1 |      43 |      14 |  24.6 |      23 |       7 |  23.3
        D:2 |      94 |      13 |  12.1 |      15 |       8 |  34.8
        D:3 |     187 |      40 |  17.6 |      22 |       3 |  12.0
        D:4 |     265 |      13 |   4.7 |      21 |       1 |   4.5
      Sewer |       0 |      78 | 100.0 |       0 |       9 | 100.0
    Ossuary |       0 |     537 | 100.0 |       0 |      24 | 100.0
            +---------+---------+-------+---------+---------+-------
